 Dungeon Crawl Stone Soup version 0.21.1-1-g345015fe64 (webtiles) character file.

21201 Oravi the Spry (level 12, -2/91 HPs)
             Began as a Merfolk Transmuter on Apr 30, 2018.
             Was a High Priest of Okawaru.
             Slain by an eight-headed hydra (14 damage)
             ... on level 14 of the Dungeon.
             The game lasted 01:41:58 (15482 turns).

Oravi the Spry (Merfolk Transmuter)                Turns: 15482, Time: 01:42:00

Health: -2/91      AC:  8    Str: 10    XL:     12   Next: 87%
Magic:  10/15      EV: 27    Int: 19    God:    Okawaru [*****.]
Gold:   895        SH:  0    Dex: 19    Spells: 1/15 levels left

rFire    x . .     SeeInvis .     - Unarmed
rCold    + + +     Gourm    .   (shield currently unavailable)
rNeg     . . .     Faith    .   (armour currently unavailable)
rPois    +         Spirit   .   (helmet currently unavailable)
rElec    .         Reflect  .   (cloak currently unavailable)
rCorr    .         Harm     .   (gloves currently unavailable)
MR       .....                  (boots currently unavailable)
Stlth    +++.......             (no amulet)
HPRegen  0.25/turn              B - +3 ring of dexterity
MPRegen  0.14/turn              S - +3 ring of intelligence

@: ice-form, heroism
A: large, (change form in water), (swift swim), (stealthy swim)
a: End Transformation, Heroism, Finesse, Renounce Religion


You were on level 14 of the Dungeon.
You worshipped Okawaru.
Okawaru was extremely pleased with you.
You were not hungry.
You were a creature of crystalline ice.
You visited 2 branches of the dungeon, and saw 15 of its levels.
You also visited: Labyrinth and Ossuary.

You collected 895 gold pieces.

Inventory:

Hand Weapons
 l - a +2 spear of flaming
 G - the +1 spear of Melee (melded) {freeze, *Rage Str+3 Int+8}
   (You took it off a kobold on level 11 of the Dungeon)

   It has been specially enchanted to freeze those struck by it, causing extra
   injury to most foes and up to half again as much damage against particularly
   susceptible opponents.
   It can also slow down cold-blooded creatures.
   It affects your strength (+3).
   It affects your intelligence (+8).
   It may make you go berserk in combat.
 V - the +11 shortbow of Termination {speed, Int+3, unknown}
   (You took it off a minotaur in a labyrinth)

   Attacks with this weapon are significantly faster.
   It affects your intelligence (+3).
Missiles
 a - 163 arrows
 e - 473 stones
 x - 16 tomahawks (quivered)
 L - 4 javelins of penetration
 M - 4 exploding tomahawks
Armour
 m - a +1 robe of resistance (melded)
 o - a +2 pair of gloves (melded)
 t - a +0 helmet (melded)
 y - a +1 leather armour of fire resistance
 F - a +2 cloak (melded)
 Q - the +0 pair of boots "Iphiama" (melded) {rF+}
   (Okawaru gifted it to you in a labyrinth)

   It protects you from fire.
Magical Staves
 u - an uncursed staff of conjuration
 T - an uncursed staff of fire
Jewellery
 g - an uncursed ring of wizardry
 B - a +3 ring of dexterity (left front paw)
 O - an uncursed ring of ice
 R - an uncursed ring of ice
 S - a +3 ring of intelligence (right front paw)
Wands
 r - a wand of random effects (59)
 w - a wand of polymorph (14)
 U - a wand of flame (10)
Scrolls
 b - 4 scrolls of teleportation
 i - 3 scrolls of magic mapping
 p - a scroll of enchant armour
 q - 2 scrolls of fear
 s - 5 scrolls of identify
 I - 3 scrolls of blinking
 J - a scroll of enchant weapon
 W - a scroll of fog
Potions
 f - a potion of resistance
 h - 4 potions of heal wounds
 j - 7 potions of curing
 k - 4 potions of lignification
 v - a potion of brilliance
 A - a potion of agility
 D - 2 potions of might
 E - a potion of flight
 H - a potion of haste
 X - a potion of mutation
 Z - a potion of cancellation
Books
 c - a book of Changes

   Spells                             Type                      Level
   a - Beastly Appendage              Transmutation                1
   b - Sticks to Snakes               Transmutation                2
   c - Spider Form                    Transmutation/Poison         3
   d - Ice Form                       Ice/Transmutation            4
   e - Blade Hands                    Transmutation                5
 n - a book of Maledictions

   Spells                             Type                      Level
   a - Corona                         Hexes                        1
   b - Ensorcelled Hibernation        Hexes/Ice                    2
   c - Confuse                        Hexes                        3
   d - Tukima's Dance                 Hexes                        3
   e - Dazzling Spray                 Conjuration/Hexes            3
 z - a book of Cantrips

   Spells                             Type                      Level
   a - Confusing Touch                Hexes                        1
   b - Animate Skeleton               Necromancy                   1
   c - Summon Small Mammal            Summoning                    1
   d - Apportation                    Translocation                1
 P - a book of Fire

   Spells                             Type                      Level
   a - Ignite Poison                  Fire/Transmutation/Poison    3
   b - Fireball                       Conjuration/Fire             5
   c - Bolt of Fire                   Conjuration/Fire             6
   d - Ring of Flames                 Charms/Fire                  7
   e - Ignition                       Fire                         8
Miscellaneous
 K - a phial of floods
 N - a crystal ball of energy
Comestibles
 d - 12 rations
 C - 2 chunks of flesh


   Skills:
 - Level 1.1(6.1) Fighting
 + Level 16.1(21.1) Dodging
 + Level 14.6(19.6) Unarmed Combat
 + Level 2.4 Spellcasting
 - Level 10.0 Transmutations
 - Level 5.1 Ice Magic
 - Level 3.1 Poison Magic


You had one spell level left.
You knew the following spells:

 Your Spells              Type           Power        Failure   Level  Hunger
a - Spider Form           Tmut/Pois      ####......   3%          3    ###....
b - Sticks to Snakes      Tmut           #####...     1%          2    ##.....
c - Ice Form              Ice/Tmut       ####....     7%          4    #####..
d - Blade Hands           Tmut           #####.....   8%          5    ######.


Dungeon Overview and Level Annotations

Branches:
Dungeon (14/15)            Temple (1/1) D:6            Lair (0/6) D:11
    Orc (0/2) D:11
 Vaults: D:13-14

Altars:
Ashenzari
Cheibriados
Dithmenos
Elyvilon
Fedhas
Gozag
Hepliaklqana
Kikubaaqudgha
Makhleb
Nemelex Xobeh
Okawaru
Qazlal
Ru
Sif Muna
Trog
Uskayaw
Vehumet
Wu Jian
Xom
Yredelemnul
Zin
The Shining One

Shops:
D:6 *   D:7 [   D:8 *   D:11 (

Annotations:
D:7 4 runed doors
D:9 Dox's ghost, novice GrFi


Message History

The eight-headed hydra bites you but does no damage. x2
The eight-headed hydra bites you!
* * * LOW HITPOINT WARNING * * *
The eight-headed hydra misses you. x2
The eight-headed hydra completely misses you.
The eight-headed hydra closely misses you.
You feel much better.
The meliai zombie completely misses you.
The meliai zombie misses you. The eight-headed hydra misses you.
The eight-headed hydra completely misses you.
The eight-headed hydra barely misses you.
The eight-headed hydra bites you!
* * * LOW HITPOINT WARNING * * *
The eight-headed hydra bites you.
* * * LOW HITPOINT WARNING * * *
The eight-headed hydra bites you!
* * * LOW HITPOINT WARNING * * *
The eight-headed hydra bites you but does no damage.
The eight-headed hydra bites you!
You die...

######################
...................... .
.....##....###..###.....
.....##....###..###.....
.....##.........YD......
.....##.#######..Z......
........#.....######....
####+####[.........# ...
#..........# #
#.....##.<.#
#.....##...# ###
#.....##..... ..#
#.....##.......


You could see an eight-headed hydra and a meliai zombie.

Vanquished Creatures
  A minotaur (Lab)
  3 two-headed ogres
  Urug (D:12)
  An unseen horror (D:12)
  Pikel (D:5)
  4 ugly things
  A manticore (D:11)
  2 slime creatures (D:12)
  A cyclops (D:13)
  2 gargoyles
  A kobold demonologist (D:11)
  4 trolls
  2 hornets
  A basilisk (D:12)
  7 yaks
  4 vampire mosquitoes (D:14)
  5 hungry ghosts
  3 wargs (D:11)
  A steam dragon (D:12)
  2 soldier ants
  3 water moccasins (D:6)
  2 sky beasts
  2 phantoms
  A slave (D:5)
  5 orc warriors
  A black bear (D:7)
  4 ice beasts
  6 centaurs
  6 ogres
  3 crocodiles
  Blork the orc (D:6)
  2 big kobolds
  14 bullfrogs
  A wyvern skeleton (D:13)
  5 scorpions
  12 killer bees
  6 wights
  5 howler monkeys
  5 crimson imps
  A human zombie (Ossuary)
  4 lava snakes (Lab)
  4 bullfrog zombies
  3 jellies
  2 centaur zombies
  12 orc priests
  3 bullfrog skeletons
  A gnoll shaman (D:5)
  8 hounds
  29 orc wizards
  2 centaur skeletons
  3 iguanas
  11 worker ants
  2 hound zombies
  3 mummies (Ossuary)
  8 gnolls (D:5)
  17 adders
  3 shadow imps
  5 adder zombies
  4 adder skeletons
  4 worms
  3 dart slugs
  7 leopard geckos
  76 orcs
  7 giant cockroaches
  4 gnoll zombies (Ossuary)
  11 goblins
  5 hobgoblins
  2 jackals (D:5)
  21 kobolds
  7 quokkas
  7 bats
  6 frilled lizards
  4 goblin zombies (Ossuary)
  3 hobgoblin zombies (Ossuary)
  A jackal skeleton (D:4)
  5 jackal zombies (Ossuary)
  4 kobold zombies (Ossuary)
  A leopard gecko skeleton (D:6)
  An orc zombie (Ossuary)
  2 quokka zombies (Ossuary)
  5 rats (D:1)
  4 rat zombies (Ossuary)
  A plant (D:7)
447 creatures vanquished.

Vanquished Creatures (collateral kills)
  An ugly thing (D:11)
  A wraith (D:11)
  A big kobold (D:11)
  An orc wizard (D:11)
  5 kobolds (D:11)
9 creatures vanquished.

Vanquished Creatures (others)
  2 plants (D:11)
2 creatures vanquished.

Grand Total: 458 creatures vanquished

Notes
Turn   | Place    | Note
-------+----------+-------------------------------------------
     0 | D:1      | Oravi the Merfolk Transmuter began the quest for the Orb.
     0 | D:1      | Reached XP level 1. HP: 15/15 MP: 3/3
    33 | D:1      | You fall through a shaft!
   297 | D:1      | Reached XP level 2. HP: 21/21 MP: 3/5
   301 | D:1      | Learned a level 2 spell: Sticks to Snakes
   723 | D:1      | Reached XP level 3. HP: 26/26 MP: 6/6
   728 | D:1      | Learned a level 3 spell: Spider Form
  1846 | D:2      | Reached skill level 1 in Poison Magic
  2093 | D:3      | Reached XP level 4. HP: 24/32 MP: 3/7
  2417 | D:3      | Found a glowing golden altar of the Shining One.
  2601 | D:3      | Reached XP level 5. HP: 37/37 MP: 4/8
  2634 | D:3      | Reached skill level 5 in Transmutations
  2637 | D:3      | Reached skill level 5 in Unarmed Combat
  2637 | D:3      | Reached XP level 6. HP: 22/43 MP: 3/9
  3048 | D:3      | Reached skill level 3 in Dodging
  3406 | D:4      | Reached skill level 4 in Dodging
  3406 | D:4      | Reached XP level 7. HP: 31/48 MP: 6/10
  3540 | D:4      | Reached skill level 5 in Dodging
  4187 | D:5      | Entered Level 5 of the Dungeon
  4427 | D:5      | Noticed Pikel
  4441 | D:5      | Killed Pikel
  4441 | D:5      | Reached skill level 7 in Dodging
  4441 | D:5      | Reached XP level 8. HP: 29/54 MP: 9/11
  4936 | D:5      | Reached skill level 8 in Dodging
  5209 | D:5      | Reached skill level 9 in Dodging
  5209 | D:5      | Reached XP level 9. HP: 18/59 MP: 6/12
  5879 | D:6      | Noticed Blork the orc
  5896 | D:6      | Noticed a dagger
  5896 | D:6      | Noticed a hand axe
  5902 | D:6      | Killed Blork the orc
  5913 | D:6      | Found a hide-covered altar of Uskayaw.
  6097 | D:6      | Found Nurergh's Serpentskin Sales.
  6137 | D:6      | Reached skill level 10 in Dodging
  6599 | D:6      | Found a staircase to the Ecumenical Temple.
  6606 | Temple   | Entered the Ecumenical Temple
  6611 | Temple   | Became a worshipper of Warmaster Okawaru
  6937 | D:7      | Found an iron altar of Okawaru.
  6945 | D:7      | Found Cuott's Antique Armour Shoppe.
  7037 | D:7      | Reached skill level 10 in Unarmed Combat
  7050 | D:7      | Learned a level 4 spell: Ice Form
  7178 | D:7      | Reached skill level 11 in Dodging
  7243 | D:7      | Reached * piety under Okawaru
  7472 | D:7      | Found a huge runed gate.
  7472 | D:7      | Found a huge runed gate.
  7472 | D:7      | Found a huge runed gate.
  7472 | D:7      | Found a huge runed gate.
  7472 | D:7      | Noticed a death yak
  7472 | D:7      | Noticed a polar bear
  7472 | D:7      | Noticed a polar bear
  7472 | D:7      | Noticed a polar bear
  7472 | D:7      | Noticed a polar bear
  7474 | D:7      | Noticed a polar bear
  7533 | D:7      | Reached XP level 10. HP: 44/65 MP: 10/13
  8144 | D:8      | Found Mot Far's General Store.
  8210 | D:8      | Reached skill level 12 in Dodging
  8530 | D:8      | Found a sand-covered staircase.
  8539 | Ossuary  | Entered an ossuary
  8936 | D:8      | Reached skill level 1 in Ice Magic
  9134 | D:9      | Reached ** piety under Okawaru
  9186 | D:9      | Noticed Dox's ghost (novice GrFi)
 10010 | D:10     | Entered Level 10 of the Dungeon
 10026 | D:10     | Noticed a two-headed ogre
 10034 | D:10     | Killed a two-headed ogre
 10034 | D:10     | Reached *** piety under Okawaru
 10034 | D:10     | Reached skill level 13 in Dodging
 10523 | D:10     | Reached XP level 11. HP: 70/70 MP: 10/14
 11006 | D:11     | Found Seofem's Antique Weapon Shop.
 11006 | D:11     | Noticed a cyan ugly thing
 11006 | D:11     | Noticed a purple ugly thing
 11011 | D:11     | Noticed a brown ugly thing
 11026 | D:10     | Killed a brown ugly thing
 11393 | D:11     | Noticed a manticore
 11409 | D:11     | Killed a manticore
 11412 | D:11     | Reached **** piety under Okawaru
 11423 | D:11     | Noticed a two-headed ogre
 11564 | D:10     | Killed a two-headed ogre
 11564 | D:10     | Reached skill level 5 in Ice Magic
 11607 | D:11     | Found a staircase to the Orcish Mines.
 11797 | D:10     | Learned a level 5 spell: Blade Hands
 12050 | D:11     | Reached ***** piety under Okawaru
 12240 | D:11     | Found a staircase to the Lair.
 12284 | D:11     | Killed a purple ugly thing
 12315 | D:11     | Killed a cyan ugly thing
 12315 | D:11     | Reached skill level 14 in Dodging
 12640 | D:11     | Got a fine spear {freeze}
 12641 | D:11     | Identified the cursed +1 spear of Melee {freeze, *Rage Str+3 Int+8} (You took it off a kobold on level 11 of the Dungeon)
 12655 | D:12     | Noticed a red ugly thing
 12673 | D:12     | Killed a red ugly thing
 12806 | D:12     | Found a labyrinth entrance.
 12806 | D:12     | Noticed a cyan ugly thing
 12813 | D:12     | Killed a cyan ugly thing
 12838 | Lab      | Entered a labyrinth
 13185 | Lab      | Noticed a minotaur
 13202 | Lab      | Killed a minotaur
 13202 | Lab      | Received a gift from Okawaru
 13202 | Lab      | Reached XP level 12. HP: 35/76 MP: 8/15
 13208 | Lab      | Got a pair of translucent boots {god gift}
 13230 | Lab      | Got an uncursed crystal shortbow {speed}
 13249 | D:12     | Identified the +0 pair of boots "Iphiama" {rF+} (Okawaru gifted it to you in a labyrinth)
 13601 | D:12     | Reached skill level 10 in Transmutations
 13663 | D:12     | Noticed a two-headed ogre
 13674 | D:12     | Killed a two-headed ogre
 13752 | D:12     | Reached skill level 15 in Dodging
 13947 | D:12     | Noticed Urug
 13962 | D:12     | Killed Urug
 14951 | D:13     | Reached skill level 16 in Dodging
 15294 | D:14     | Noticed a fire dragon
 15473 | D:14     | Noticed an eight-headed hydra
 15482 | D:14     | Slain by an eight-headed hydra

Skill      XL: |  1  2  3  4  5  6  7  8  9 10 11 12 |
---------------+-------------------------------------+-----
Transmutations | 3 4 5 6 9 10 | 10.0
Unarmed Combat | 4 5 7 9 10 12 13 14 | 14.6
Poison Magic   | 1 2 3 |  3.1
Dodging        | 4 7 9 11 13 14 16 | 16.1
Ice Magic      | 4 5 |  5.1
Fighting       | |  1.1
Spellcasting   | |  2.4

Action                   |  1- 3 |  4- 6 |  7- 9 | 10-12 || total
-------------------------+-------+-------+-------+-------++-------
Melee: Unarmed           |    62 |   113 |   369 |   885 ||  1429
       Headbutt          |     8 |     2 |       |       ||    10
       Punch             |     2 |       |     2 |       ||     4
       Spear             |       |       |       |     2 ||     2
Throw: Stone             |   126 |    33 |     6 |       ||   165
       Tomahawk          |       |     4 |    38 |     1 ||    43
 Cast: Beastly Appendage |    20 |     4 |       |       ||    24
       Spider Form       |     2 |    11 |    56 |    85 ||   154
       Sticks to Snakes  |       |       |       |     9 ||     9
       Blade Hands       |       |       |       |     9 ||     9
       Ice Form          |       |       |       |     5 ||     5
Invok: Heroism           |       |       |       |     3 ||     3
 Abil: End Transformatio |       |       |     2 |     6 ||     8
Evoke: Wand              |       |       |       |     4 ||     4
  Use: Scroll            |     4 |     3 |     4 |    22 ||    33
       Potion            |       |       |     1 |     3 ||     4
 Stab: Sleeping          |     1 |       |       |     4 ||     5
       Distracted        |       |       |       |     2 ||     2
  Eat: Chunk             |     3 |     7 |    21 |    38 ||    69
       Ration            |       |       |       |     2 ||     2
Armor: Robe              |    16 |     5 |     3 |     7 ||    31
       Skin              |       |     1 |     8 |    15 ||    24
Dodge: Dodged            |    71 |    65 |   286 |   865 ||  1287
